 Dungeon Crawl Stone Soup version 0.18-a0-1523-gbe15c29 (webtiles) character file.

917 milladamen the Basher (level 7, -9/58 HPs)
             Began as a Minotaur Berserker on Mar 7, 2016.
             Was a Priest of Trog.
             Mangled by a two-headed ogre
             ... wielding a +0 giant spiked club
              (13 damage)
             ... on level 5 of the Dungeon.
             The game lasted 00:12:38 (2636 turns).

milladamen the Basher (Minotaur Berserker)          Turns: 2636, Time: 00:12:39

Health: -9/58      AC: 16    Str: 21    XL:     7   Next: 83%
Magic:  6/6        EV:  8    Int:  4    God:    Trog [***...]
Gold:   52         SH:  0    Dex: 12    Spells: 0 memorised, 6 levels left

rFire  . . .     SeeInvis .     u - +2 mace (protect)
rCold  . . .     Gourm    .     f - +0 chain mail
rNeg   . . .     Faith    .     (no shield)
rPois  .         Spirit   .     (helmet restricted)
rElec  .         Dismiss  .     (no cloak)
rCorr  .         Reflect  .     (no gloves)
SustAt .         Harm     .     x - +2 pair of boots
MR     .....                    (no amulet)
Stlth  ..........               (no ring)
                                (no ring)

@: not resistant to hostile enchantments, extremely unstealthy
A: retaliatory headbutt, horns 2
a: Berserk, Trog's Hand, Burn Spellbooks, Renounce Religion


You were on level 5 of the Dungeon.
You worshipped Trog.
Trog was most pleased with you.
You were not hungry.

You visited 1 branch of the dungeon, and saw 5 of its levels.

You collected 304 gold pieces.
You spent 252 gold pieces at shops.

Inventory:

Hand Weapons
 a - a +0 mace
 s - a +0 flail
 u - a +2 mace of protection (weapon)
Armour
 b - a +0 animal skin
 d - a +0 pair of boots
 f - a +0 chain mail (worn)
 x - a +2 pair of boots (worn)
Jewellery
 g - an uncursed amulet of harm
Scrolls
 k - 2 scrolls of remove curse {unknown}
 m - 2 scrolls of teleportation
 n - a scroll of enchant armour
 p - a scroll of brand weapon {unknown}
Potions
 e - a potion of haste {unknown}
 i - a potion of brilliance {unknown}
 j - a potion of magic
 l - a potion of resistance {unknown}
 o - 2 potions of curing
 t - a potion of berserk rage
 z - 2 potions of cure mutation
Comestibles
 c - 3 bread rations
 h - 3 fruits
 r - 4 beef jerkies
 v - a royal jelly
 w - 3 meat rations


   Skills:
 * Level 3.7 Fighting
 + Level 11.1 Maces & Flails
 * Level 2.4 Armour
 * Level 2.2 Dodging


You had 6 spell levels left.
You didn't know any spells.

Dungeon Overview and Level Annotations

Branches:
Dungeon (5/15)             Temple (0/1) D:5

Altars:
Fedhas
Pakellas
Sif Muna

Shops:
D:4 %


Innate Abilities, Weirdness & Mutations

You reflexively headbutt those who attack you in melee.
You have a pair of horns on your head.


Message History

You are too injured to fight recklessly!
You are too injured to fight recklessly!
You are too injured to fight recklessly!
You are too injured to fight recklessly!
You are too injured to fight recklessly!
You are too injured to fight recklessly!
You sock the two-headed ogre!
The two-headed ogre is moderately wounded.
A hound skeleton comes into view.
You barely miss the two-headed ogre. You headbutt the two-headed ogre!
The two-headed ogre is severely wounded.
The two-headed ogre hits you with a giant spiked club!
* * * LOW HITPOINT WARNING * * *
The two-headed ogre barely misses you. The hound completely misses you.
Your chain mail prevents you from hitting the two-headed ogre.
Your headbutt misses the two-headed ogre.
The two-headed ogre is severely wounded.
The hound bites you but does no damage.
The two-headed ogre hits you with a giant spiked club!
You die...

..###.###...........
... ..#...# #......####
#...
....#####......#####...
.......###..##.#.....#
...........###......#
.........######...Z.#
.........(..........#
................h...#
........###.#...@...#
.......##.....##O...#
....#.....#.## #....#
###...#####. #....#
#....[..# # ##.###
.....##.### ..
.8....#...###. .#
⌠..##.......... .#
.8.##########..


You could see a two-headed ogre, a hound and a hound skeleton.

Vanquished Creatures
  The ghost of Uhlv the Shield-Bearer, a novice HOFi (D:5)
  A phantom (D:4)
  A crimson imp (D:5)
  A jelly (D:5)
  2 orc priests (D:4)
  2 orc wizards (D:4)
  An iguana (D:4)
  Ijyb (D:2)
  Terence (D:2)
  2 worker ants
  A killer bee zombie (D:5)
  8 adders
  2 oozes
  3 worms
  3 dart slugs
  4 giant geckos
  17 orcs
  2 giant cockroaches (D:5)
  3 goblins
  9 hobgoblins
  3 jackals (D:1)
  4 kobolds
  2 ball pythons
  A ball python skeleton (D:4)
  5 bats
  2 giant newts
  10 rats
92 creatures vanquished.

Notes
Turn   | Place    | Note
--------------------------------------------------------------
     0 | D:1      | milladamen the Minotaur Berserker began the quest for the Orb.
     0 | D:1      | Reached XP level 1. HP: 19/19 MP: 0/0
    12 | D:1      | Reached skill level 4 in Maces & Flails
   163 | D:1      | Reached XP level 2. HP: 24/26 MP: 1/1
   463 | D:1      | Reached skill level 5 in Maces & Flails
   489 | D:2      | Reached ** piety under Trog
   489 | D:2      | Reached XP level 3. HP: 31/31 MP: 2/2
   554 | D:2      | Found an oddly glowing altar of Pakellas.
   683 | D:2      | Noticed Ijyb
   691 | D:2      | Killed Ijyb
   769 | D:2      | Reached XP level 4. HP: 39/39 MP: 3/3
   779 | D:2      | Reached skill level 6 in Maces & Flails
   846 | D:2      | Noticed Terence
   856 | D:2      | Killed Terence
  1089 | D:2      | Found a deep blue altar of Sif Muna.
  1340 | D:3      | Found a blossoming altar of Fedhas.
  1481 | D:3      | Reached XP level 5. HP: 39/45 MP: 4/4
  1597 | D:3      | Reached skill level 7 in Maces & Flails
  1765 | D:3      | Reached *** piety under Trog
  2060 | D:4      | Reached skill level 8 in Maces & Flails
  2063 | D:4      | Reached XP level 6. HP: 34/51 MP: 5/5
  2120 | D:4      | Found Iwadiw's Food Shoppe.
  2128 | D:4      | Bought a meat ration for 65 gold pieces
  2128 | D:4      | Bought a beef jerky for 19 gold pieces
  2128 | D:4      | Bought a bread ration for 65 gold pieces
  2128 | D:4      | Bought a beef jerky for 19 gold pieces
  2128 | D:4      | Bought a meat ration for 65 gold pieces
  2128 | D:4      | Bought a beef jerky for 19 gold pieces
  2275 | D:4      | Reached skill level 9 in Maces & Flails
  2474 | D:5      | Entered Level 5 of the Dungeon
  2479 | D:5      | Reached XP level 7. HP: 51/57 MP: 6/6
  2530 | D:5      | Found a staircase to the Ecumenical Temple.
  2592 | D:5      | Noticed Uhlv's ghost (novice HOFi)
  2606 | D:5      | Killed Uhlv's ghost
  2606 | D:5      | Reached skill level 11 in Maces & Flails
  2630 | D:5      | Noticed a two-headed ogre
  2636 | D:5      | Mangled by a two-headed ogre

Vault maps used:
D:1:      dpeg_arrival_court
D:2:      lemuel_blue_sif_altar, lemuel_doored_altar, serial_bayou,
          serial_bayou_pond_d, serial_bayou_pond_c, serial_bayou_ford_a,
          serial_bayou_pond_a, uniq_iyjb, uniq_terence
D:3:      lemuel_crystal_altar
D:4:      serial_shops, shop
D:5:      grunt_temple_overflow_opulence, minmay_temple_entry_statues_fountains,
          nicolae_ossuary_entry_plus, first_bread, uniq_prince_ribbit1

Skill      XL: |  1  2  3  4  5  6  7 |
---------------+----------------------+-----
Maces & Flails | 4 5 6 8 9 11 | 11.1
Fighting       | |  3.7
Armour         | |  2.4
Dodging        | |  2.2

Action                   |  1- 3 |  4- 6 |  7- 9 || total
-------------------------+-------+-------+-------++-------
Melee: Mace              |    48 |   156 |    38 ||   242
       Flail             |       |    17 |       ||    17
  Use: Scroll            |       |    13 |       ||    13
  Eat: Chunk             |       |     5 |     1 ||     6
